 Dungeon Crawl Stone Soup version 0.30.0 (webtiles) character file.

Game seed: 14485310784784395124

518 Kaboulah the Trooper (level 7, 0/55 HPs)
             Began as a Demonspawn Chaos Knight on May 6, 2023.
             Was a Plaything of Xom.
             Slain by an adder (2 damage)
             ... on level 3 of the Dungeon.
             The game lasted 00:28:10 (2723 turns).

Kaboulah the Trooper (Demonspawn Chaos Knight)      Turns: 2723, Time: 00:28:10

Health: 0/55       AC:  9    Str: 13    XL:     7   Next: 1%
Magic:  7/7        EV:  9    Int: 13    God:    Xom [...*..]
Gold:   174        SH:  0    Dex: 14    Spells: 6/6 levels left

rFire   x . .        l - +4 quarterstaff (chaos)
rCold   + . .        (shield currently unavailable)
rNeg    . . .        m - +0 scale mail
rPois   .            (no helmet)
rElec   .            n - +0 cloak
rCorr   .            b - +0 pair of gloves
SInv    .            (no boots)
Will    .....        (no amulet) Stlth
                     e - ring of flight
HPRegen 0.00/turn    d - ring of ice
MPRegen 0.10/turn

%: no passive effects
@: flying, inhibited regen, hasted, very quick
A: hooves 1, ignite blood 1, demonic magic 2, inhibited regeneration, subdued
magic 1, MP-powered wands
a: Renounce Religion


You were on level 3 of the Dungeon.
You worshipped Xom.
You were a favourite toy of Xom.
You visited 1 branch of the dungeon, and saw 4 of its levels.

You collected 174 gold pieces.

Inventory:

Hand Weapons
 a - a +0 hand axe of chaos
 l - a +4 quarterstaff of chaos (weapon)
Armour
 b - a +0 pair of gloves (worn)
 m - a +0 scale mail (worn)
 n - a +0 cloak (worn)
Jewellery
 d - a ring of ice (right hand)
 e - a ring of flight (left hand)
Wands
 f - a wand of roots (9)
Scrolls
 g - 2 scrolls of identify
 h - a scroll of poison {unknown}
 j - 2 scrolls of enchant armour
Potions
 i - a potion of lignification {unknown}
 k - a potion of degeneration {unknown}
 o - a potion of invisibility {unknown}
 p - a potion of heal wounds {unknown}
Miscellaneous
 c - a piece from Xom's chessboard (15/15) (quivered)


   Skills:
 * Level 4.8 Fighting
 + Level 4.6 Axes
 - Level 1.6 Staves
 + Level 3.4 Armour
 + Level 2.0 Dodging
 * Level 0.8 Evocations


You had 6 spell levels left.
You didn't know any spells.
Your spell library contained the following spells:

 Spells                   Type           Power      Damage    Failure   Level
 Poisonous Vapours        Pois/Air       0%         N/A       88%         2
 Mephitic Cloud           Conj/Pois/Air  0%         N/A       98%         3
 Freezing Cloud           Conj/Ice/Air   0%         6-21      100%        5


Dungeon Overview and Level Annotations

Branches:
Dungeon (4/15)
 Temple: D:4-7

Altars:

Annotations:
Abyss:1 Mangosteen's ghost, amateur HOFE


Innate Abilities, Weirdness & Mutations

You have large cloven feet.
Your demonic aura sometimes causes spilled blood to erupt in flames.
Spells you cast may paralyse nearby enemies.
You do not regenerate when monsters are visible.
Your spells are a little easier to cast, but a little less powerful.
You expend magic power (3 MP) to strengthen your wands.


Message History

The gnoll is moderately wounded.
The gnoll closely misses you.
The gnoll barely misses the gnoll.
The gnoll closely misses you.
The gnoll hits you from afar with a +0 halberd.
The gnoll completely misses you.
You sock the gnoll! You burn the gnoll.
You kill the gnoll!
An adder comes into view.
The gnoll hits you from afar with a +0 halberd!
The gnoll barely misses you.
You hit the gnoll. You burn the gnoll.
The gnoll is heavily wounded.
The gnoll hits you from afar with a +0 halberd.
The gnoll barely misses you. The gnoll hits you but does no damage.
You thump the gnoll! You freeze the gnoll.
You kill the gnoll!
The gnoll hits you from afar with a +0 halberd!
* * * LOW HITPOINT WARNING * * *
The gnoll barely misses you.
You have reached level 7!
Your demonic ancestry asserts itself...
Your feet thicken and deform. "Go forth and destroy!"
You feel yourself speed up.
You are now a favourite toy of Xom.
The gnoll closely misses you. The adder closely misses you.
The gnoll hits you with a +0 halberd.
* * * LOW HITPOINT WARNING * * *
There is a stone staircase leading up here.
The adder bites you.
* * * LOW HITPOINT WARNING * * *
The gnoll hits you with a +0 halberd.
* * * LOW HITPOINT WARNING * * *
You fly upwards.
There is a stone staircase leading down here.
You hit the adder.
The adder is moderately wounded.
The adder bites you.
You die...
Xom yawns loudly!

#..#...........#..##......#
#..#...........#..##.####.#
#..#############..##.# #.#
#........©........##.# #.#
#.................##.# #.#
###########.#.######.# #.#
#...# #.# #.# #..#######.#
#.# #.@S.......####.#
#.g####.........# #### #..#
#.######### ...# #..# #.#
##.############..# #.#
#................# #.#
#.####.#######.### #.# #.#
#.# #####.######.# ..# #.#
#...........<#


You could see a gnoll and an adder.

Vanquished Creatures
  A scorpion (D:4)
  A bullfrog zombie (D:3)
  2 bullfrog skeletons (D:3)
  A centaur skeleton (D:3)
  Natasha (D:3)
  2 gnolls (D:4)
  An adder (D:2)
  A river rat (D:3)
  3 dart slugs (D:1)
  5 endoplasms
  4 giant cockroaches (D:1)
  9 goblins
  7 hobgoblins
  4 quokkas
  5 ball pythons
  9 bats
  6 kobolds
  10 rats
72 creatures vanquished.

Vanquished Creatures (collateral kills)
  A bat (D:2)
  A goblin (D:2)
  2 hobgoblins (D:2)
4 creatures vanquished.

Vanquished Creatures (others)
  A goblin (D:1)
1 creature vanquished.

Grand Total: 77 creatures vanquished

Notes
Turn   | Place    | Note
-------+----------+-------------------------------------------
     0 | D:1      | Kaboulah the Demonspawn Chaos Knight began the quest for
                  | the Orb.
     0 | D:1      | Reached XP level 1. HP: 18/18 MP: 1/1
    15 | D:1      | XOM: silly message
    42 | D:1      | XOM: give mutations
    42 | D:1      | Gained mutation: Your muscles are strong. (Str +4, Int/Dex
                  | -1) [Xom's grace]
    42 | D:1      | Gained mutation: You have a beak for a mouth. [Xom's grace]
    42 | D:1      | Gained mutation: You are agile. (Dex +4, Str/Int -1) [Xom's
                  | grace]
    44 | D:1      | Reached skill level 1 in Dodging
   121 | D:1      | Gained mutation: Spells you cast may paralyse adjacent
                  | enemies. [demonic ancestry]
   121 | D:1      | Reached XP level 2. HP: 24/24 MP: 2/2
   491 | D:1      | Gained mutation: Spells you cast may paralyse nearby
                  | enemies. [demonic ancestry]
   491 | D:1      | Reached XP level 3. HP: 29/29 MP: 3/3
   852 | D:1      | XOM: god gift: 6 gold pieces
  1419 | D:2      | Reached XP level 4. HP: 37/37 MP: 4/4
  1556 | D:2      | XOM: 2-stop teleportation journey
  1997 | D:3      | Lost mutation: Your muscles are strong. (Str +4, Int/Dex
                  | -1) [potion of mutation]
  1997 | D:3      | Lost mutation: You are agile. (Dex +4, Str/Int -1) [potion
                  | of mutation]
  1997 | D:3      | Lost mutation: You have a beak for a mouth. [potion of
                  | mutation]
  1997 | D:3      | Gained mutation: You have hidden genetic defects. [potion
                  | of mutation]
  1997 | D:3      | Gained mutation: You expend magic power (3 MP) to
                  | strengthen your wands. [potion of mutation]
  2066 | D:3      | Found a runed translucent door.
  2067 | D:3      | Noticed Crazy Yiuf
  2072 | D:3      | Crazy Yiuf changed into Crazy Yiuf the river rat
  2072 | D:3      | Noticed Crazy Yiuf
  2076 | D:3      | Killed Crazy Yiuf the river rat
  2204 | D:3      | Found a transporter.
  2205 | D:3      | Found a transporter.
  2205 | D:3      | Noticed Mangosteen's ghost (amateur HOFE)
  2216 | D:3      | XOM: potion effect (attraction)
  2227 | D:3      | Banished Mangosteen's ghost
  2228 | D:3      | Reached skill level 1 in Staves
  2228 | D:3      | Gained mutation: Your demonic aura sometimes causes spilled
                  | blood to erupt in flames. [demonic ancestry]
  2228 | D:3      | Reached XP level 5. HP: 23/42 MP: 5/5
  2228 | D:3      | Reached XP level 6. HP: 27/48 MP: 6/6
  2235 | D:3      | Gained mutation: Your spells are a little easier to cast,
                  | but a little less powerful. [hidden defects]
  2236 | D:3      | XOM: silly message
  2243 | D:3      | XOM: confusion (+ monsters)
  2244 | D:3      | XOM: confuse monster(s)
  2471 | D:3      | Noticed Natasha
  2476 | D:3      | XOM: cast spell 'Metabolic Englaciation'
  2477 | D:3      | Killed Natasha
  2479 | D:3      | Gained mutation: You do not regenerate when monsters are
                  | visible. [hidden defects]
  2479 | D:3      | Lost mutation: You have hidden genetic defects. [hidden
                  | defects expressed]
  2566 | D:3      | XOM: 2-stop teleportation journey
  2717 | D:4      | Gained mutation: You have large cloven feet. [demonic
                  | ancestry]
  2717 | D:4      | Reached XP level 7. HP: 13/55 MP: 7/7
  2719 | D:4      | XOM: potion effect (haste)
  2721 | D:4      | HP: 2/55 [gnoll/+0 halberd (6)]
  2723 | D:3      | Slain by an adder

Illustrated notes

Levels and vault maps discovered:
D:1:      onia_arrival_mini_spirals, layout_basic, hex_intersection,
          minmay_tetromino_l2
D:2:      layout_loops_corners, corexii_leaking_fountain,
          minmay_rat_gold_closets
D:3:      layout_loops_ring, gammafunk_ghost_mausoleum, uniq_crazy_yiuf_cottage,
          uniq_natasha
D:4:      layout_basic, minmay_temple_entry_glassed_door

Skill      XL: |  1  2  3  4  5  6 |
---------------+-------------------+-----
Dodging        | 1 2 |  2.0
Axes           | 3 4 |  4.6
Armour         | 2 3 |  3.4
Fighting       | 4 |  4.8
Staves         | 1 |  1.6
Evocations     | |  0.8

Action                     |  1- 3 |  4- 6 |  7- 9 || total
---------------------------+-------+-------+-------++-------
  Melee: Hand axe          |   107 |    39 |       ||   146
         Peck              |    18 |     4 |       ||    22
         Quarterstaff      |       |    59 |     1 ||    60
    Use: Scroll            |       |     5 |       ||     5
         Potion            |       |     1 |       ||     1
   Stab: Sleeping          |     3 |       |       ||     3
 Armour: Leather armour    |    41 |     4 |       ||    45
         Scale mail        |       |    53 |       ||    53
  Dodge: Dodged            |    62 |    75 |     2 ||   139
